 Dungeon Crawl Stone Soup version 0.22.1-1-ga44c0e5 (webtiles) character file.

983 Fang the Chopper (level 8, -1/73 HPs)
             Began as a Gargoyle Berserker on Oct 23, 2018.
             Was an Elder of Trog.
             Slain by a gnoll
             ... wielding a +0 spear
              (5 damage)
             ... on level 6 of the Dungeon.
             The game lasted 00:04:20 (4145 turns).

Fang the Chopper (Gargoyle Berserker)               Turns: 4145, Time: 00:04:20

Health: -1/73      AC: 19    Str: 27    XL:     8   Next: 17%
Magic:  8/8        EV:  8    Int:  9    God:    Trog [****..]
Gold:   323        SH:  0    Dex:  9    Spells: 7/7 levels left

rFire    . . .     SeeInvis .   a - +1 hand axe
rCold    . . .     Gourm    .   (no shield)
rNeg     + . .     Faith    .   g - +2 plate armour
rPois    ∞         Spirit   .   (no helmet)
rElec    +         Reflect  .   (no cloak)
rCorr    .         Harm     .   (no gloves)
MR       .....                  (no boots)
Stlth    ..........             (no amulet)
HPRegen  0.22/turn              (no ring)
MPRegen  0.11/turn              (no ring)

@: berserking (expiring), very quick
A: negative energy resistance 1, electricity resistance, unbreathing,
petrification resistance, rot immunity, AC +5
a: Berserk, Trog's Hand, Brothers in Arms, Renounce Religion


You were on level 6 of the Dungeon.
You worshipped Trog.
Trog was greatly pleased with you.
You were near starving.

You visited 1 branch of the dungeon, and saw 5 of its levels.
You also visited: Ossuary.

You collected 323 gold pieces.

Inventory:

Hand Weapons
 a - a +1 hand axe (weapon)
Armour
 g - a +2 plate armour (worn)
Wands
 h - a wand of iceblast (12)
Scrolls
 f - a scroll of teleportation
 l - 2 scrolls of fear
 o - 2 scrolls of remove curse
Potions
 b - a potion of flight {unknown}
 d - 5 potions of curing
 e - a potion of cancellation
 i - 3 potions of lignification
 j - a potion of berserk rage
 m - a potion of mutation {unknown}
 n - a potion of invisibility {unknown}
 p - a potion of heal wounds {unknown}
 q - a potion of brilliance {unknown}
 s - 3 potions of might {unknown}
 t - a potion of resistance {unknown}
Comestibles
 c - 8 rations


   Skills:
 + Level 5.2 Fighting
 + Level 7.0 Axes
 + Level 4.3 Armour
 + Level 2.2 Dodging
 + Level 2.0 Stealth


You had 7 spell levels left.
You didn't know any spells.
Your spell library was empty.

Dungeon Overview and Level Annotations

Branches:
Dungeon (4/15)
 Temple: D:4-7

Altars:
Cheibriados
Elyvilon
Gozag
Makhleb
Okawaru
Qazlal
Sif Muna
Vehumet
Wu Jian
Xom
Zin
The Shining One


Innate Abilities, Weirdness & Mutations

You are resistant to torment.
Your stone body is resilient. (AC +5)
You are immune to poison.
You resist negative energy. (rN+)
You are resistant to electric shocks. (rElec)
You can survive without breathing.
You are immune to petrification.
You are immune to rotting.


Message History

You barely miss the bullfrog zombie. You closely miss the iguana.
The iguana bites you but does no damage.
The bullfrog zombie barely misses you.
Unknown command.
Your plate armour prevents you from hitting the orc warrior.
The orc warrior is almost dead.
You barely miss the iguana. You hit the bullfrog zombie.
The orc warrior closely misses you. The gnoll hits you but does no damage.
The iguana bites you but does no damage.
Unknown command.
You slash the orc warrior!
You feel the power of Trog in you as your rage grows.
You kill the orc warrior!
Trog accepts your kill.
Your Axes skill increases to level 7!
You closely miss the iguana. You slash the bullfrog zombie!
You destroy the bullfrog zombie!
Trog accepts your kill. The gnoll hits you with a spear.
You die...

.....#. #### .....#.###...
...)........ .<.........
.......!..# ........#
#.gg..##### #.)@.......
#..l....... ####..........
#####.............
.....?........#############
####..........# #........
#..........# #........
#..........# #........
#..........# #......(.


You could see a gnoll sergeant, an iguana and a gnoll.

Vanquished Creatures
  2 orc warriors
  A sky beast (D:6)
  Blork the orc (D:4)
  A howler monkey (D:6)
  A bullfrog zombie (D:6)
  2 orc priests
  A hound (D:6)
  A bullfrog skeleton (D:4)
  3 orc wizards
  2 worker ants
  A big kobold zombie (Ossuary)
  9 mummies
  Robin (D:3)
  4 gnolls (D:3)
  2 adders (D:2)
  3 oozes
  2 worms (D:2)
  2 dart slugs
  2 leopard geckos
  5 orcs
  9 bats
  2 giant cockroaches
  A gnoll zombie (Ossuary)
  11 goblins
  11 hobgoblins
  8 jackals
  A ball python (D:1)
  5 frilled lizards
  A hobgoblin zombie (Ossuary)
  6 kobolds
  5 kobold zombies
  An orc zombie (Ossuary)
  9 rats
116 creatures vanquished.

Notes
Turn   | Place    | Note
-------+----------+-------------------------------------------
     0 | D:1      | Fang the Gargoyle Berserker began the quest for the Orb.
     0 | D:1      | Reached XP level 1. HP: 14/14 MP: 1/1
   119 | D:1      | Reached XP level 2. HP: 17/19 MP: 2/2
   186 | D:1      | Reached skill level 3 in Axes
   442 | D:1      | Found a shimmering altar of Xom.
   444 | D:1      | Found a stormy altar of Qazlal.
   444 | D:1      | Found a snail-covered altar of Cheibriados.
   446 | D:1      | Found a burning altar of Makhleb.
   446 | D:1      | Found a shimmering altar of Xom.
   446 | D:1      | Found a shimmering altar of Xom.
   992 | D:1      | Reached XP level 3. HP: 24/24 MP: 3/3
  1136 | D:2      | Reached ** piety under Trog
  1310 | D:2      | Found a stormy altar of Qazlal.
  1393 | D:2      | Reached XP level 4. HP: 24/29 MP: 4/4
  1432 | D:2      | Found a snail-covered altar of Cheibriados.
  1539 | D:2      | Found an ornate altar of the Wu Jian Council.
  1539 | D:2      | Found a deep blue altar of Sif Muna.
  1540 | D:2      | Found an iron altar of Okawaru.
  1540 | D:2      | Found an opulent altar of Gozag.
  1540 | D:2      | Found a radiant altar of Vehumet.
  1837 | D:3      | Reached XP level 5. HP: 25/33 MP: 5/5
  1842 | D:3      | Reached skill level 4 in Axes
  1980 | D:3      | Noticed an orc warrior
  2010 | D:2      | Killed an orc warrior
  2010 | D:2      | Reached XP level 6. HP: 9/39 MP: 6/6
  2595 | D:3      | Noticed Robin
  2598 | D:3      | Reached *** piety under Trog
  2611 | D:3      | Killed Robin
  2611 | D:3      | Reached skill level 5 in Axes
  2999 | D:4      | Noticed Blork the orc
  3022 | D:4      | Killed Blork the orc
  3172 | D:4      | Reached XP level 7. HP: 35/44 MP: 7/7
  3259 | D:4      | Found a sand-covered staircase.
  3269 | Ossuary  | Entered an ossuary
  3618 | Ossuary  | Reached skill level 6 in Axes
  3871 | D:4      | Reached **** piety under Trog
  3941 | D:4      | Found a glowing golden altar of the Shining One.
  3941 | D:4      | Found a white marble altar of Elyvilon.
  3941 | D:4      | Found a glowing silver altar of Zin.
  4007 | D:4      | You fall through a shaft for 2 floors!
  4138 | D:6      | Reached skill level 5 in Fighting
  4138 | D:6      | Reached XP level 8. HP: 26/49 MP: 8/8
  4144 | D:6      | Reached skill level 7 in Axes
  4145 | D:6      | Slain by a gnoll

Skill      XL: |  1  2  3  4  5  6  7  8 |
---------------+-------------------------+-----
Axes           | 3 4 5 6 7 |  7.0
Dodging        | 2 |  2.2
Fighting       | 4 5 |  5.2
Stealth        | 2 |  2.0
Armour         | 3 4 |  4.3

Action                   |  1- 3 |  4- 6 |  7- 9 || total
-------------------------+-------+-------+-------++-------
Melee: Hand axe          |   119 |   213 |   128 ||   460
Invok: Berserk           |       |     2 |     2 ||     4
  Use: Scroll            |       |     7 |     6 ||    13
  Eat: Chunk             |     2 |     7 |       ||     9
       Ration            |       |       |     1 ||     1
Armor: Animal skin       |    22 |       |       ||    22
       Plate armour      |    42 |   160 |    73 ||   275
Dodge: Dodged            |    67 |    75 |    60 ||   202
